PL
GRAFTON MIDDIES @ VANCOUVER GREY WOLVES
06/12/2024
 
TOP OF THE 1ST
Grafton Middies batting - Pitching for Vancouver Grey Wolves : RHP Nelle Liefting
Pitching: RHP Nelle Liefting
Batting: RHB Pedro Santos 0-0: Foul Ball, location: 2F
0-1: SINGLE (Groundball, 3D)
Batting: RHB Scotty Anderson 0-0: Ball
1-0: Called Strike
1-1: Ball
2-1: Fly out, F6 (Popup, 78S)
Batting: LHB Mario Ramos 0-0: Ball
Pedro Santos steals 2nd base
1-0: DOUBLE (Line Drive, 78D)
Pedro Santos scores
Batting: RHB Stefano Gaddi 0-0: Ball
1-0: Ground out 4-3 (Groundball, 4)
Mario Ramos to third
Batting: RHB Ramón Gómez 0-0: Fly out, F8 (Flyball, 8RS)
Top of the 1st over - 1 run(s), 2 hit(s), 0 error(s), 1 left on base; Grafton 1 - Vancouver 0
BOTTOM OF THE 1ST
Vancouver Grey Wolves batting - Pitching for Grafton Middies : LHP Jeff Hale
Pitching: LHP Jeff Hale
Batting: RHB Danny Walsh 0-0: Ball
1-0: Ball
2-0: Ball
3-0: Base on Balls
Batting: RHB Enrique Fuentes 0-0: Grounds into double play, 6-4-3 (Groundball, 6M)
Batting: LHB Min-heui Im 0-0: Ball
1-0: Foul Ball, location: 2F
1-1: Ball
2-1: Called Strike
2-2: Strikes out looking
Bottom of the 1st over - 0 run(s), 0 hit(s), 0 error(s), 0 left on base; Grafton 1 - Vancouver 0
TOP OF THE 2ND
Grafton Middies batting - Pitching for Vancouver Grey Wolves : RHP Nelle Liefting
Batting: LHB Lawrence Washington 0-0: Foul Ball, location: 2F
0-1: Swinging Strike
0-2: Fly out, F7 (Flyball, 7M)
Batting: RHB Dave Ash 0-0: SINGLE (Flyball, 9S)
Batting: SHB Jack MacAsgill 0-0: Foul Ball, location: 2F
0-1: SINGLE (Line Drive, 78S)
Dave Ash to second
Batting: RHB Pedro Orozco 0-0: Called Strike
0-1: Foul Ball, location: 2F
0-2: Strikes out swinging
Batting: RHB Pedro Santos 0-0: Ground out 4-3 (Groundball, 4)
Top of the 2nd over - 0 run(s), 2 hit(s), 0 error(s), 2 left on base; Grafton 1 - Vancouver 0
BOTTOM OF THE 2ND
Vancouver Grey Wolves batting - Pitching for Grafton Middies : LHP Jeff Hale
Batting: LHB Héctor Cortéz 0-0: Ball
1-0: SINGLE (Groundball, 56D)
Batting: RHB Ramón Cabral 0-0: Called Strike
0-1: Fly out, F6 (Popup, 6D)
Batting: LHB Timmy Appeldoorn 0-0: Called Strike
0-1: Fly out, F5 (Popup, 5SF)
Batting: LHB David Hubbard 0-0: Ball
1-0: Foul Ball, location: 2F
1-1: Swinging Strike
1-2: Strikes out looking
Bottom of the 2nd over - 0 run(s), 1 hit(s), 0 error(s), 1 left on base; Grafton 1 - Vancouver 0
TOP OF THE 3RD
Grafton Middies batting - Pitching for Vancouver Grey Wolves : RHP Nelle Liefting
Batting: RHB Scotty Anderson 0-0: Ball
1-0: Ball
2-0: Called Strike
2-1: Ball
3-1: Ground out 5-3 (Groundball, 5)
Batting: LHB Mario Ramos 0-0: Ball
1-0: Ball
2-0: DOUBLE (Line Drive, 89XD)
Batting: RHB Stefano Gaddi 0-0: Called Strike
0-1: Swinging Strike
0-2: Ball
1-2: Strikes out swinging
Batting: RHB Ramón Gómez 0-0: Ball
1-0: Ball
2-0: Called Strike
2-1: Called Strike
2-2: Foul Ball, location: 2F
2-2: Foul Ball, location: 2F
2-2: Ground out 4-3 (Groundball, 4)
Top of the 3rd over - 0 run(s), 1 hit(s), 0 error(s), 1 left on base; Grafton 1 - Vancouver 0
BOTTOM OF THE 3RD
Vancouver Grey Wolves batting - Pitching for Grafton Middies : LHP Jeff Hale
Batting: RHB Alfredo Méndez 0-0: Ball
1-0: Ball
2-0: Ball
3-0: Base on Balls
Batting: RHB Dusty Childress 0-0: Called Strike
0-1: Ball
1-1: Grounds into double play, 6-4-3 (Groundball, 6)
Batting: RHB Danny Walsh 0-0: Foul Ball, location: 2F
0-1: Ball
1-1: Foul Ball, location: 2F
1-2: Foul Ball, location: 2F
1-2: Ball
2-2: Ball
3-2: Foul Ball, location: 2F
3-2: Foul Ball, location: 2F
3-2: Foul Ball, location: 2F
3-2: Fly out, F9 (Flyball, 9M)
Bottom of the 3rd over - 0 run(s), 0 hit(s), 0 error(s), 0 left on base; Grafton 1 - Vancouver 0
TOP OF THE 4TH
Grafton Middies batting - Pitching for Vancouver Grey Wolves : RHP Nelle Liefting
Batting: LHB Lawrence Washington 0-0: Called Strike
0-1: Ball
1-1: Ball
2-1: Ball
3-1: Base on Balls
Batting: RHB Dave Ash 0-0: Foul Ball, location: 2F
0-1: SINGLE (Groundball, 6MD)
Lawrence Washington to second
Batting: SHB Jack MacAsgill 0-0: Called Strike
0-1: Foul Ball, location: 2F
0-2: Foul Ball, location: 2F
0-2: SINGLE (Flyball, 7S)
Lawrence Washington to third
Dave Ash to second
Batting: RHB Pedro Orozco 0-0: Ball
1-0: Called Strike
1-1: Called Strike
1-2: Foul Ball, location: 2F
1-2: Ball
2-2: Ball
3-2: Strikes out swinging
Batting: RHB Pedro Santos 0-0: Called Strike
0-1: Foul Ball, location: 2F
0-2: Ball
1-2: Strikes out swinging
Batting: RHB Scotty Anderson 0-0: Called Strike
0-1: Ball
1-1: Ball
2-1: Fielders Choice at 2nd, 5-4 (Groundball, 56)
Top of the 4th over - 0 run(s), 2 hit(s), 0 error(s), 2 left on base; Grafton 1 - Vancouver 0
BOTTOM OF THE 4TH
Vancouver Grey Wolves batting - Pitching for Grafton Middies : LHP Jeff Hale
Batting: RHB Enrique Fuentes 0-0: Foul Ball, location: 2F
0-1: Ground out 1-3 (Groundball, 15S)
Batting: LHB Min-heui Im 0-0: Called Strike
0-1: Foul Ball, location: 2F
0-2: Foul Ball, location: 2F
0-2: Foul Ball, location: 2F
0-2: Ground out 1-3 (Groundball, 13S)
Batting: LHB Héctor Cortéz 0-0: Called Strike
0-1: SOLO HOME RUN (Flyball, 89XD), Distance : 380 ft
Batting: RHB Ramón Cabral 0-0: Ball
1-0: Ball
2-0: Fly out, F1 (Popup, 25)
Bottom of the 4th over - 1 run(s), 1 hit(s), 0 error(s), 0 left on base; Grafton 1 - Vancouver 1
TOP OF THE 5TH
Grafton Middies batting - Pitching for Vancouver Grey Wolves : RHP Nelle Liefting
Batting: LHB Mario Ramos 0-0: Foul Ball, location: 2F
0-1: Ball
1-1: Called Strike
1-2: Ground out U3 (Groundball, 3L)
Batting: RHB Stefano Gaddi 0-0: Ball
1-0: Ball
2-0: SINGLE (Flyball, 9S)
Batting: RHB Ramón Gómez Pickoff Throw to First - Out!
0-0: Ball
1-0: Called Strike
1-1: Hit by Pitch
Batting: LHB Lawrence Washington 0-0: Called Strike
Ramón Gómez is caught stealing 2nd base
Top of the 5th over - 0 run(s), 1 hit(s), 0 error(s), 0 left on base; Grafton 1 - Vancouver 1
BOTTOM OF THE 5TH
Vancouver Grey Wolves batting - Pitching for Grafton Middies : LHP Jeff Hale
Batting: LHB Timmy Appeldoorn 0-0: Called Strike
0-1: Called Strike
0-2: Ball
1-2: Foul Ball, location: 2F
1-2: Ball
2-2: Strikes out swinging
Batting: LHB David Hubbard 0-0: Ground out 4-3 (Groundball, 4)
Batting: RHB Alfredo Méndez 0-0: Ball
1-0: Foul Ball, location: 2F
1-1: Foul Ball, location: 2F
1-2: Ball
2-2: Fly out, F8 (Line Drive, 8RS)
Bottom of the 5th over - 0 run(s), 0 hit(s), 0 error(s), 0 left on base; Grafton 1 - Vancouver 1
TOP OF THE 6TH
Grafton Middies batting - Pitching for Vancouver Grey Wolves : RHP Nelle Liefting
Batting: LHB Lawrence Washington 0-0: Ball
1-0: Foul Ball, location: 2F
1-1: DOUBLE (Flyball, 9M)
Batting: RHB Dave Ash 0-0: Sac Bunt - play at first, batter OUT! 1-3
Lawrence Washington to third
Batting: SHB Jack MacAsgill 0-0: Ball
1-0: Ball
2-0: Ball
3-0: Base on Balls
Batting: RHB Pedro Orozco 0-0: Called Strike
Jack MacAsgill steals 2nd base
0-1: SINGLE (Flyball, 7LS)
Lawrence Washington scores
Jack MacAsgill to third
Runner from 3rd tries for Home, SAFE, no throw or cutoff
Batting: RHB Pedro Santos 0-0: 2-RUN HOME RUN (Flyball, 8RXD), Distance : 438 ft
Batting: RHB Scotty Anderson 0-0: Fly out, F9 (Flyball, 89M)
Batting: LHB Mario Ramos 0-0: Ball
1-0: Ball
2-0: SINGLE (Line Drive, 7S)
Batting: RHB Stefano Gaddi 0-0: Called Strike
0-1: Foul Ball, location: 2F
0-2: Foul Ball, location: 2F
0-2: SINGLE (Line Drive, 6D)
Mario Ramos to second
Batting: RHB Ramón Gómez 0-0: Ball
1-0: Ball
2-0: Ball
3-0: Called Strike
3-1: Called Strike
3-2: Foul Ball, location: 2F
3-2: Foul Ball, location: 2F
3-2: Fly out, F7 (Flyball, 78D)
Top of the 6th over - 4 run(s), 5 hit(s), 0 error(s), 2 left on base; Grafton 5 - Vancouver 1
BOTTOM OF THE 6TH
Vancouver Grey Wolves batting - Pitching for Grafton Middies : LHP Jeff Hale
Batting: RHB Dusty Childress 0-0: Ball
1-0: Foul Ball, location: 2F
1-1: Foul Ball, location: 2F
1-2: Strikes out swinging
Batting: RHB Danny Walsh 0-0: Ball
1-0: Called Strike
1-1: Ball
2-1: Swinging Strike
2-2: SINGLE (Groundball, 6D)
Batting: RHB Enrique Fuentes 0-0: Ball
1-0: Called Strike
1-1: Ball
2-1: Fly out, F7 (Flyball, 7S)
Batting: LHB Min-heui Im 0-0: Ball
1-0: Foul Ball, location: 2F
1-1: Foul Ball, location: 2F
1-2: Ball
2-2: Fly out, F9 (Flyball, 89D)
Bottom of the 6th over - 0 run(s), 1 hit(s), 0 error(s), 1 left on base; Grafton 5 - Vancouver 1
TOP OF THE 7TH
Grafton Middies batting - Pitching for Vancouver Grey Wolves : RHP Nelle Liefting
Batting: LHB Lawrence Washington 0-0: Ball
1-0: Called Strike
1-1: Called Strike
1-2: Foul Ball, location: 2F
1-2: Ball
2-2: Foul Ball, location: 2F
2-2: Strikes out looking
Batting: RHB Dave Ash 0-0: Ball
1-0: Foul Ball, location: 2F
1-1: Ball
2-1: Swinging Strike
2-2: Foul Ball, location: 2F
2-2: Ball
3-2: Strikes out swinging
Batting: SHB Jack MacAsgill 0-0: Ground out 1-3 (Groundball, 15)
Top of the 7th over - 0 run(s), 0 hit(s), 0 error(s), 0 left on base; Grafton 5 - Vancouver 1
BOTTOM OF THE 7TH
Vancouver Grey Wolves batting - Pitching for Grafton Middies : LHP Jeff Hale
Batting: LHB Héctor Cortéz 0-0: Called Strike
0-1: Ball
1-1: Ball
2-1: Ball
3-1: Swinging Strike
3-2: Foul Ball, location: 2F
3-2: Fly out, F8 (Flyball, 8RS)
Batting: RHB Ramón Cabral 0-0: Ball
Single, Error in OF, E9, batter to second base
Batting: LHB Timmy Appeldoorn 0-0: Ball
1-0: Called Strike
1-1: Foul Ball, location: 2F
1-2: Foul Ball, location: 2F
1-2: Fly out, F3 (Popup, 3DF)
Batting: LHB David Hubbard 0-0: Ball
1-0: Foul Ball, location: 2F
1-1: Ball
2-1: Ball
3-1: Foul Ball, location: 2F
3-2: Foul Ball, location: 2F
3-2: Foul Ball, location: 2F
3-2: Base on Balls
Batting: RHB Alfredo Méndez 0-0: Ball
1-0: Ball
2-0: Ball
3-0: Base on Balls
Ramón Cabral to third
David Hubbard to second
Batting: RHB Dusty Childress 0-0: Ball
1-0: Ball
2-0: Called Strike
2-1: Swinging Strike
2-2: Ground out 5-3 (Groundball, 56)
Bottom of the 7th over - 0 run(s), 1 hit(s), 1 error(s), 3 left on base; Grafton 5 - Vancouver 1
TOP OF THE 8TH
Grafton Middies batting - Pitching for Vancouver Grey Wolves : RHP Nelle Liefting
Pitching: RHP Burt Booth
Batting: RHB Pedro Orozco 0-0: Called Strike
0-1: Called Strike
0-2: Ball
1-2: Ball
2-2: Foul Ball, location: 2F
2-2: Ball
3-2: SINGLE (Line Drive, 9LS)
Batting: RHB Pedro Santos 0-0: Sac Bunt - play at first, batter OUT! 6-3
Pedro Orozco to second
Batting: RHB Scotty Anderson 0-0: Called Strike
0-1: Ground out 5-3 (Groundball, 56)
Batting: LHB Mario Ramos 0-0: Called Strike
0-1: Ball
1-1: Called Strike
1-2: SINGLE (Line Drive, 56)
Pedro Orozco to third
Batting: RHB Stefano Gaddi 0-0: Foul Ball, location: 2F
0-1: Swinging Strike
0-2: Strikes out swinging
Top of the 8th over - 0 run(s), 2 hit(s), 0 error(s), 2 left on base; Grafton 5 - Vancouver 1
BOTTOM OF THE 8TH
Vancouver Grey Wolves batting - Pitching for Grafton Middies : LHP Jeff Hale
Batting: RHB Danny Walsh 0-0: Swinging Strike
0-1: Ball
1-1: Ball
2-1: Foul Ball, location: 2F
2-2: Fly out, F7 (Flyball, 7LM)
Batting: RHB Enrique Fuentes 0-0: Foul Ball, location: 2F
0-1: Ball
1-1: Swinging Strike
1-2: Foul Ball, location: 2F
1-2: Strikes out swinging
Batting: LHB Min-heui Im 0-0: Called Strike
0-1: Ball
1-1: Ball
2-1: DOUBLE (Line Drive, 9LM)
Pitching: RHP Frank Morse
Batting: LHB Héctor Cortéz 0-0: Ball
1-0: Ball
2-0: Fly out, F8 (Flyball, 8LD)
Bottom of the 8th over - 0 run(s), 1 hit(s), 0 error(s), 1 left on base; Grafton 5 - Vancouver 1
TOP OF THE 9TH
Grafton Middies batting - Pitching for Vancouver Grey Wolves : RHP Burt Booth
Batting: RHB Ramón Gómez 0-0: Ball
1-0: Ball
2-0: Foul Ball, location: 2F
2-1: Ground out 6-3 (Groundball, 56)
Pitching: RHP Bill Ball
Batting: LHB Lawrence Washington 0-0: Ground out 6-3 (Groundball, 6M)
Batting: RHB Dave Ash 0-0: Foul Ball, location: 2F
0-1: Ball
1-1: Fly out, F7 (Flyball, 78D)
Top of the 9th over - 0 run(s), 0 hit(s), 0 error(s), 0 left on base; Grafton 5 - Vancouver 1
BOTTOM OF THE 9TH
Vancouver Grey Wolves batting - Pitching for Grafton Middies : RHP Frank Morse
Pitching: RHP Lynwood Matos
Batting: RHB Ramón Cabral 0-0: Called Strike
0-1: Ball
1-1: Foul Ball, location: 2F
1-2: Foul Ball, location: 2F
1-2: Ball
2-2: Foul Ball, location: 2F
2-2: Foul Ball, location: 2F
2-2: Foul Ball, location: 2F
2-2: Strikes out swinging
Batting: LHB Timmy Appeldoorn 0-0: Called Strike
0-1: Foul Ball, location: 2F
0-2: Strikes out swinging
Batting: LHB David Hubbard 0-0: Ball
1-0: Fly out, F4 (Line Drive, 4)
Bottom of the 9th over - 0 run(s), 0 hit(s), 0 error(s), 0 left on base; Grafton 5 - Vancouver 1
This league is powered by Out of the Park Baseball, the baseball management simulation game for PC, Mac and Linux
Monday, October 3rd, 2016 - OOTP Baseball 16.9 Build 39